 Dungeon Crawl Stone Soup version 0.26-a0-980-g0fe3eaa9ac (webtiles) character file.

Game seed: 3488866009567708455

19 siradein the Magician (level 2, 0/19 HPs)
             Began as a Demonspawn Hedge Wizard on Dec 6, 2020.
             Slain by a jackal (2 damage)
             ... on level 1 of the Dungeon.
             The game lasted 00:02:32 (788 turns).

siradein the Magician (Demonspawn Hedge Wizard)      Turns: 788, Time: 00:02:33

Health: 0/19       AC:  2    Str: 10    XL:     2   Next: 55%
Magic:  0/6        EV: 12    Int: 15    God:
Gold:   20         SH:  0    Dex: 12    Spells: 6/7 levels left

rFire    . . .     SeeInvis .   a - +0 dagger
rCold    . . .     Faith    .   (no shield)
rNeg     . . .     Spirit   .   b - +0 robe
rPois    .         Reflect  .   c - +0 hat
rElec    .         Harm     .   (no cloak)
rCorr    .         Rampage  .   (no gloves)
MR       .....                  (no boots)
Stlth    ++........             (no amulet)
HPRegen  0.06/turn              (no ring)
MPRegen  0.10/turn              (no ring)

@: no status effects
A: antennae 1
a: no special abilities


You were on level 1 of the Dungeon.
You visited 1 branch of the dungeon, and saw 1 of its levels.

You collected 20 gold pieces.

Inventory:

Hand Weapons
 a - a +0 dagger (weapon)
Armour
 b - a +0 robe (worn)
 c - a +0 hat (worn)
Jewellery
 d - a +4 ring of evasion {unknown}
Scrolls
 g - a scroll of enchant armour {unknown}
 i - a scroll of identify {unknown}
Potions
 e - 2 potions of berserk rage {unknown}
 f - a potion of magic {unknown}
 h - 2 potions of cancellation {unknown}


   Skills:
 - Level 1.7 Dodging
 - Level 1.7 Stealth
 + Level 3.4 Spellcasting
 + Level 2.0 Conjurations
 - Level 1.0 Summonings
 - Level 0.8 Translocations


You had 6 spell levels left.
You knew the following spells:

 Your Spells              Type           Power        Failure   Level
a - Magic Dart            Conj           #...         9%          1

Your spell library contained the following spells:

 Spells                   Type           Power        Failure   Level
 Call Imp                 Summ           #.......     19%         2
 Blink                    Tloc           N/A          21%         2
 Slow                     Hex            #.......     28%         2
 Conjure Flame            Conj/Fire      #.......     36%         3
 Mephitic Cloud           Conj/Pois/Air  #.......     41%         3


Dungeon Overview and Level Annotations

Branches:
Dungeon (1/15)

Altars:


Innate Abilities, Weirdness & Mutations

You have a pair of small antennae on your head.


Message History

The jackal bites you.
* * * LOW HITPOINT WARNING * * *
Casting: Magic Dart (safe; 9% risk of failure)
Confirm with . or Enter, or press ? or * to list all spells.
Aiming: Magic Dart (safe; 9% risk of failure)
Press: ? - help, Shift-Dir - straight line, f/p - jackal
Aim: a jackal (severely wounded, 0% to evade)
The magic dart hits the jackal but does no damage.
The jackal is severely wounded.
The jackal barely misses you. The jackal closely misses you.
You hit the jackal but do no damage.
The jackal is severely wounded.
The jackal bites you.
* * * LOW HITPOINT WARNING * * *
You closely miss the jackal.
The jackal is severely wounded.
The jackal barely misses you. The jackal bites you.
You die...

............รท.....)...
##....###......###)###
##....# #......###.#
.'....# #.......##.#
##.[..# #.##+##.##.#
####.# #.# #..#.#
#.....# ##g#.#
########## .# #h#.#
#....# .###@#)#
#.#..### .#.....+..
#.<..'.# .#.#...#.. .
#.#..#.# .#.#...#.. ..
#....#.# .# #...#.# ...
#######.####.# #...#.#
h... .............#
#).>#)#.r...
##.#####'#..##
###.#.......
.#'#..#........# #...#


You could see a jackal and a hobgoblin.

Vanquished Creatures
  A leopard gecko (D:1)
  A bat (D:1)
  2 giant cockroaches (D:1)
  A goblin (D:1)
  3 hobgoblins (D:1)
  2 jackals (D:1)
  3 kobolds (D:1)
  A frilled lizard (D:1)
  A rat (D:1)
15 creatures vanquished.

Notes
Turn   | Place    | Note
-------+----------+-------------------------------------------
     0 | D:1      | siradein the Demonspawn Hedge Wizard began the quest for
                  | the Orb.
     0 | D:1      | Reached XP level 1. HP: 13/13 MP: 4/4
   302 | D:1      | Gained mutation: You have a pair of small antennae on your
                  | head. [demonic ancestry]
   302 | D:1      | Reached XP level 2. HP: 19/19 MP: 1/6
   788 | D:1      | Slain by a jackal

Illustrated notes

Levels and vault maps discovered:
D:1:      dpeg_arrival_renting, layout_basic, hex_tiny

Skill      XL: |  1  2 |
---------------+-------+-----
Conjurations   | 2 |  2.0
Dodging        | |  1.7
Stealth        | |  1.7
Spellcasting   | |  3.4
Summonings     | |  1.0
Translocations | |  0.8

Action                   || total
-------------------------++-------
Melee: Dagger            ||     3
 Cast: Magic Dart        ||    41
Armor: Robe              ||     7
Dodge: Dodged            ||    36

Table legend: (Time is in decaauts)
 A = Elapsed time spent in this place.
 B = Non-inter-level travel time spent in this place.
 C = Inter-level travel time spent in this place.
 D = Time resting spent in this place.
 E = Time spent auto-exploring this place.
 F = Levels seen in this place.
 G = Mean time per level.
                   A        B        C        D        E       F      G
               +--------+--------+--------+--------+--------+-----+--------+
         Total |    788 |    788 |      0 |      0 |    597 |   1 |  788.0 |
       Dungeon |    788 |    788 |      0 |      0 |    597 |   1 |  788.0 |
               +--------+--------+--------+--------+--------+-----+--------+

Top non-repeatable levels by time:
     D:1: 788 daAuts
